 Dungeon Crawl Stone Soup version 0.22.1-2-g9c5b331 (webtiles) character file.

2006 Gearfox the Quickloader (level 9, -6/57 HPs)
             Began as a Kobold Hunter on Dec 7, 2018.
             Was a Follower of Dithmenos.
             Killed by divine providence
             ... invoked by an orc priest
              (12 damage)
             ... on level 7 of the Dungeon.
             The game lasted 00:34:41 (8309 turns).

Gearfox the Quickloader (Kobold Hunter)             Turns: 8309, Time: 00:34:42

Health: -6/57      AC:  8    Str:  9    XL:     9   Next: 46%
Magic:  8/8        EV: 19    Int: 12    God:    Dithmenos [*.....]
Gold:   421        SH:  0    Dex: 19    Spells: 8/8 levels left

rFire    + . .     SeeInvis .   b - +0 short sword
rCold    . . .     Gourm    .   (shield restricted)
rNeg     + . .     Faith    .   c - +0 leather armour
rPois    .         Spirit   .   (no helmet)
rElec    .         Reflect  .   h - +2 cloak
rCorr    .         Harm     .   j - +0 pair of gloves
MR       .....                  l - +0 pair of boots
Stlth    +++.......             (no amulet)
HPRegen  0.19/turn              s - ring of protection from fire
MPRegen  0.11/turn              p - ring of positive energy

@: wreathed by umbra
A: small, carnivore, low mp 1, MP-powered wands
a: Renounce Religion


You were on level 7 of the Dungeon.
You worshipped Dithmenos.
Dithmenos was aware of your devotion.
You were completely stuffed.

You visited 2 branches of the dungeon, and saw 8 of its levels.

You collected 421 gold pieces.

Inventory:

Hand Weapons
 a - a +2 hand crossbow
 b - a +0 short sword (weapon)
Missiles
 u - 14 bolts (quivered)
Armour
 c - a +0 leather armour (worn)
 g - a +0 cloak
 h - a +2 cloak (worn)
 j - a +0 pair of gloves (worn)
 l - a +0 pair of boots (worn)
 w - a scarf of spirit shield
Jewellery
 i - an uncursed ring of resist corrosion
 p - a ring of positive energy (right hand)
 s - a ring of protection from fire (left hand)
 t - an uncursed ring of magical power
Wands
 x - a wand of iceblast (8)
 y - a wand of paralysis (16)
Scrolls
 d - a scroll of identify
 e - 3 scrolls of amnesia
 m - 3 scrolls of remove curse
 v - a scroll of teleportation
Potions
 k - 2 potions of heal wounds
 n - 3 potions of resistance
 o - a potion of flight
 q - 2 potions of curing
 r - 5 potions of might
Comestibles
 f - 10 rations
 z - 2 chunks of flesh


   Skills:
 - Level 7.2 Fighting
 * Level 3.4 Short Blades
 - Level 10.1 Crossbows
 - Level 7.0 Dodging
 - Level 3.0 Stealth


You had 8 spell levels left.
You didn't know any spells.
Your spell library contained the following spells:

 Spells                   Type           Power        Failure   Level  Hunger
 Freeze                   Ice            #...         43%         1    ##.....
 Magic Dart               Conj           #...         43%         1    ##.....
 Blink                    Tloc           N/A          56%         2    ###....
 Call Imp                 Summ           #.......     56%         2    ###....
 Slow                     Hex            #.......     56%         2    ###....
 Throw Frost              Conj/Ice       #.....       56%         2    ###....
 Conjure Flame            Conj/Fire      #.......     80%         3    ####...
 Mephitic Cloud           Conj/Pois/Air  #.......     80%         3    ####...
 Ozocubu's Armour         Chrm/Ice       #.......     80%         3    ####...
 Summon Ice Beast         Ice/Summ       #.......     99%         4    #####..
 Throw Icicle             Conj/Ice       #.......     99%         4    #####..


Dungeon Overview and Level Annotations

Branches:
Dungeon (7/15)             Temple (1/1) D:5

Altars:
Ashenzari
Cheibriados
Dithmenos
Elyvilon
Fedhas
Gozag
Hepliaklqana
Kikubaaqudgha
Makhleb
Okawaru
Qazlal
Ru
Sif Muna
Trog
Uskayaw
Vehumet
Wu Jian
Xom
Yredelemnul
Zin
The Shining One

Shops:
D:4 :


Innate Abilities, Weirdness & Mutations

You are small and have problems with some larger weapons.
You are carnivorous and can eat meat at any time.
Your magical capacity is low. (-10% MP)
You expend magic power (3 MP) to strengthen your wands.


Message History

The orc priest is heavily wounded.
The orc priest hits you with a flail!
* * * LOW HITPOINT WARNING * * *
You hit the orc priest but do no damage.
The orc priest is heavily wounded.
The orc priest hits you with a flail.
* * * LOW HITPOINT WARNING * * *
You hit the orc priest.
The orc priest is heavily wounded.
You hit the orc priest.
The orc priest is severely wounded.
The orc priest barely misses you.
You hit the orc priest but do no damage.
The orc priest is severely wounded.
The orc priest completely misses you.
You barely miss the orc priest.
The orc priest is severely wounded.
The orc priest mumbles some strange prayers to Beogh against you.
Beogh smites you!
You die...

#.# ######.......#
#.######...)........#
#........#..........#
#...(....#....##'######
#...)....#....#.......#
#........#....#...)...#
#........#....#.......#
#.#...##.######.o)#####
#.#..)##.#......@.########
..'..)'..................#
###...##.##.###<#.######.#####
..'...'......................+
###...##.####.#.#.####....####
#...##.# #.#.#.# #.....#
#...##.# #...#.# #####.#
######.# #####.# ..# #'# #.#
#.#


You could see an orc priest.

Vanquished Creatures
  Pikel (D:6)
  A hungry ghost (D:7)
  A slave (D:6)
  A phantom (D:4)
  2 ogres (D:5)
  A centaur (D:7)
  A big kobold (D:7)
  A bullfrog (D:4)
  A gnoll sergeant (D:7)
  A jelly (D:6)
  A howler monkey (D:4)
  2 crimson imps
  An orc priest (D:7)
  Crazy Yiuf (D:2)
  3 hounds
  2 orc wizards (D:6)
  3 bullfrog skeletons
  Jessica (D:3)
  A centaur skeleton (D:6)
  2 iguanas
  3 worker ants
  2 worker ant zombies
  12 gnolls
  7 adders
  A river rat (D:4)
  5 worms
  A dart slug (D:2)
  3 leopard geckos
  15 orcs
  9 giant cockroaches
  3 hobgoblins
  11 jackals
  14 kobolds
  10 quokkas
  3 ball pythons
  2 bats (D:1)
  9 frilled lizards
  9 goblins
  A jackal skeleton (D:4)
  7 rats
155 creatures vanquished.

Vanquished Creatures (others)
  A slave (D:6)
  An ogre (D:6)
2 creatures vanquished.

Grand Total: 157 creatures vanquished

Notes
Turn   | Place    | Note
-------+----------+-------------------------------------------
     0 | D:1      | Gearfox the Kobold Hunter began the quest for the Orb.
     0 | D:1      | Reached XP level 1. HP: 12/12 MP: 1/1
    13 | D:1      | Reached skill level 5 in Crossbows
   166 | D:1      | Reached XP level 2. HP: 12/17 MP: 2/2
   574 | D:1      | Reached XP level 3. HP: 6/21 MP: 3/3
  1389 | D:2      | Reached skill level 6 in Crossbows
  1449 | D:2      | Gained mutation: You are somewhat resistant to further
                  | mutation. [potion of mutation]
  1449 | D:2      | Gained mutation: You have a pair of small antennae on your
                  | head. [potion of mutation]
  1450 | D:2      | Lost mutation: You are somewhat resistant to further
                  | mutation. [potion of mutation]
  1450 | D:2      | Lost mutation: You have a pair of small antennae on your
                  | head. [potion of mutation]
  1450 | D:2      | Gained mutation: Your magical capacity is low. (-10% MP)
                  | [potion of mutation]
  1450 | D:2      | Gained mutation: You expend magic power (3 MP) to
                  | strengthen your wands. [potion of mutation]
  1536 | D:2      | Found a runed door.
  1542 | D:2      | Noticed Crazy Yiuf
  1544 | D:2      | Killed Crazy Yiuf
  1544 | D:2      | Reached XP level 4. HP: 26/26 MP: 3/3
  2233 | D:3      | Reached skill level 7 in Crossbows
  2259 | D:3      | Found a blossoming altar of Fedhas.
  2285 | D:3      | Reached XP level 5. HP: 30/30 MP: 4/4
  2532 | D:3      | Noticed Jessica
  2539 | D:3      | Killed Jessica
  2964 | D:3      | You fall through a shaft for 3 floors!
  2983 | D:6      | Reached XP level 6. HP: 37/37 MP: 5/5
  3299 | D:6      | Found a blossoming altar of Fedhas.
  3539 | D:6      | Noticed an ogre
  3677 | D:6      | Noticed Pikel
  3677 | D:6      | Noticed a slave
  3678 | D:6      | Noticed a slave
  3679 | D:6      | Noticed a slave
  3679 | D:6      | Noticed a slave
  3687 | D:6      | Killed a slave
  3694 | D:6      | Killed Pikel
  3694 | D:6      | Reached skill level 5 in Dodging
  3694 | D:6      | Reached XP level 7. HP: 5/47 MP: 6/6
  3694 | D:6      | Reached XP level 8. HP: 6/52 MP: 7/7
  4014 | D:5      | Entered Level 5 of the Dungeon
  4417 | D:4      | Found a sacrificial altar of Ru.
  4702 | D:4      | Reached skill level 8 in Crossbows
  5278 | D:4      | Found Epegu's Book Emporium.
  5771 | D:5      | Found an ancient bone altar of Kikubaaqudgha.
  5866 | D:5      | Found a shimmering altar of Xom.
  5998 | D:5      | Found a staircase to the Ecumenical Temple.
  6004 | Temple   | Entered the Ecumenical Temple
  6097 | Temple   | Became a worshipper of Dithmenos the Shadowed
  6296 | D:5      | Found a bloodstained altar of Trog.
  6327 | D:5      | Reached skill level 9 in Crossbows
  6583 | D:5      | Reached XP level 9. HP: 50/57 MP: 8/8
  7595 | D:7      | Found a glowing silver altar of Zin.
  7715 | D:7      | Reached skill level 1 in Short Blades
  7715 | D:7      | Reached skill level 10 in Crossbows
  8041 | D:7      | Reached * piety under Dithmenos
  8309 | D:7      | Killed from afar by an orc priest

Skill      XL: |  1  2  3  4  5  6  7  8  9 |
---------------+----------------------------+-----
Crossbows      | 5 6 7 9 10 | 10.1
Stealth        | 2 3 |  3.0
Fighting       | 3 6 7 |  7.2
Dodging        | 5 6 7 |  7.0
Short Blades   | 3 |  3.4

Action                   |  1- 3 |  4- 6 |  7- 9 || total
-------------------------+-------+-------+-------++-------
Melee: Short sword       |    37 |       |    91 ||   128
 Fire: Hand crossbow     |    45 |   157 |   175 ||   377
  Use: Scroll            |    10 |     4 |    12 ||    26
       Potion            |     2 |       |       ||     2
  Eat: Chunk             |    10 |     7 |    18 ||    35
Armor: Leather armour    |    12 |    24 |    20 ||    56
Dodge: Dodged            |    60 |    48 |   160 ||   268
